 Dungeon Crawl Stone Soup version 0.32-a0-986-ga09f62fbf4 (webtiles) character file.

Game seed: 10964314651251132555

60660 jasper the Severer (level 14, -12/139 (141) HPs)
             Began as a Minotaur Berserker on Apr 21, 2024.
             Was the Champion of Trog.
             Killed by an exploding orc warrior (41 damage)
             ... ignited by their inner flame
             ... on level 2 of the Orcish Mines.
             The game lasted 00:30:40 (17971 turns).

jasper the Severer (Minotaur Berserker)            Turns: 17971, Time: 00:30:40

HP:   -12/139 (141) AC: 18    Str: 26    XL:     14   Next: 57%
MP:   13/13         EV: 17    Int:  6    God:    Trog [******]
Gold: 1335          SH:  5    Dex:  9    Spells: 13/13 levels left

rFire   . . .        I - +2 broad axe (vamp)
rCold   . . .        E - +0 buckler
rNeg    . . .        H - +0 plate armour
rPois   .            R - +2 hat {Will+}
rElec   .            (no cloak)
rCorr   .            L - +0 pair of gloves
SInv    .            t - +0 pair of boots
Will    ++++.        P - amulet of faith Stlth
                     W - +5 ring of evasion
HPRegen 1.43/turn    r - +5 ring of evasion
MPRegen 0.13/turn

%: faith
@: strong-willed, corroded, regenerating, lightly drained
A: horns 2, retaliatory headbutt
a: Renounce Religion, Berserk, Trog's Hand, Brothers in Arms


You were on level 2 of the Orcish Mines.
You worshipped Trog.
Trog was exalted by your worship.
You visited 3 branches of the dungeon, and saw 19 of its levels.
You also visited: Sewer.

You collected 1928 gold pieces.
You spent 593 gold pieces at shops.

Inventory:

Hand Weapons
 a - the +5 hand axe of Ruetat {flame, +Blink rF++}
   (Trog gifted it to you on level 1 of the Lair of Beasts)

   rF++:      It greatly protects you from fire.
   +Blink:    It lets you blink.
 c - a +0 antimagic executioner's axe
 I - a +2 vampiric broad axe (weapon)
 V - a +3 heavy broad axe
Missiles
 s - 16 boomerangs
 u - 13 javelins
 v - 9 curare-tipped darts
 O - a throwing net
Armour
 t - a +0 pair of boots (worn)
 E - a +0 buckler (worn)
 H - a +0 plate armour (worn)
 L - a +0 pair of gloves (worn)
 R - a +2 hat of willpower (worn)
Jewellery
 g - an amulet of the acrobat
 h - a ring of protection from fire
 r - a +5 ring of evasion (right hand)
 A - a +6 ring of strength
 B - a ring of willpower
 G - a ring of magical power
 P - an amulet of faith (around neck)
 Q - a ring of ice
 W - a +5 ring of evasion (left hand)
 Y - a ring of protection from cold
 Z - a ring of willpower
Wands
 q - a wand of iceblast (4)
 z - a wand of digging (3)
 S - a wand of mindburst (11)
 X - a wand of flame (15)
Scrolls
 l - a scroll of revelation
 x - 2 scrolls of blinking
 y - 4 scrolls of fog
 K - 2 scrolls of fear
 N - 10 scrolls of teleportation
 U - 2 scrolls of enchant armour
Potions
 b - a potion of enlightenment {unknown}
 d - a potion of ambrosia {unknown}
 e - a potion of degeneration {unknown}
 f - 3 potions of might
 i - a potion of berserk rage
 j - 2 potions of attraction
 m - 3 potions of resistance
 n - 2 potions of heal wounds
 o - 7 potions of curing
 p - 5 potions of mutation
 w - 2 potions of invisibility {unknown}
 C - 2 potions of lignification {unknown}
 D - 2 potions of haste {unknown}
 F - a potion of cancellation {unknown}
 M - a potion of magic {unknown}
 T - 2 potions of brilliance {unknown}


   Skills:
 * Level 17.7 Fighting
 - Level 18.0 Axes
 + Level 15.6 Armour
 - Level 2.1 Dodging
 + Level 9.9 Shields


You had 13 spell levels left.
You didn't know any spells.
Your spell library was empty.

Dungeon Overview and Level Annotations

Branches:
Dungeon (12/15)            Temple (0/1) D:5            Lair (5/5) D:8
  Swamp (0/4) Lair:2        Snake (0/4) Lair:2        Slime (0/5) Lair:5
    Orc (2/2) D:9             Elf (0/3) Orc:2         Sewer (visited)

Altars:
Ashenzari
Cheibriados
Elyvilon
Kikubaaqudgha
Qazlal
Uskayaw
Wu Jian
Xom
Beogh
Jiyva

Shops:
D:7 ((*([   D:8 [[?(:   D:10 *

Portals:
Trove: D:11 (show abyssal rune of Zot)

Annotations:
Lair:1 exclusion: 2 oklob plants


Innate Abilities, Weirdness & Mutations

You have a pair of horns on your head.
You reflexively headbutt those who attack you in melee.


Message History

The fiery explosion engulfs the orc warlord.
Flame seeps out of the orc warlord.
The orc warlord is severely wounded.
The fiery explosion engulfs the orc high priest!!!
Trog accepts your kill.
The fiery explosion engulfs the orc!!
Trog accepts your kill. Trog grants you a weapon!
Something appears at your feet!
You see here a +8 hand axe of flaming.
The orc explodes!
Trog accepts your kill.
Trog appreciates your killing of a magic user.
You feel a bit more experienced. Trog accepts your kill.
Trog appreciates your killing of a magic user.
You feel a bit more experienced.
The fiery explosion engulfs the orc warlord!!
Flame seeps out of the orc warlord.
The orc warlord is almost dead.
Trog accepts your kill.
You feel a bit more experienced.
You hear an explosion!
Trog accepts your kill.
You feel a bit more experienced. Trog accepts your kill.
You feel a bit more experienced.
You hear an explosion!
Trog accepts your kill.
You feel a bit more experienced.
The orc high priest explodes!
The fiery explosion engulfs the orc warlord!
Trog accepts your kill.
The orc warlord explodes!
The orc wizard explodes!
The orc priest explodes!
The fiery explosion engulfs the orc knight!!!
Trog accepts your kill. The fiery explosion engulfs you!!
* * * LOW HITPOINT WARNING * * *
The orc knight explodes!
The orc warrior explodes!
The fiery explosion engulfs you!!!
You die...

......#.#....§§
.o.o..#.......##
.)o§§§.§......$..
§§§§§§§§§.......≈
§§§§§§§§§......##§.
§§§§§§§§§........§.#
§§§§§§§°○§......≈#..
#@○§......≈....
#○§§...........
#§§§......$#.# ..
#...........##...
#.#..).....$.#...
###.#$).^.#.....
#.....)..#..#
##.#.#).....#
#######...##


You could see 2 orc knights and an orc (inner flame, strong).

Vanquished Creatures
  Gastronok (D:9)
  An orc warlord (Orc:2)
  Josephine (Orc:2)
  Erolcha (D:11)
  7 catoblepae
  3 hydras
  A vault guard (D:11)
  An ogre mage (Orc:2)
  5 death yaks
  Erica (D:8)
  A boulder beetle (Lair:5)
  3 two-headed ogres
  2 orc high priests (Orc:2)
  Urug (Lair:4)
  Nergalle (Lair:2)
  2 skysharks
  2 orc knights (Orc:2)
  2 orc sorcerers (Orc:2)
  A cyclops (D:12)
  A salamander (Lair:2)
  2 manticores (Lair:5)
  2 black mambas
  2 kobold blastminers (Orc:1)
  4 torpor snails (Lair:3)
  9 cane toads
  A gargoyle (D:9)
  6 elephants
  2 komodo dragons
  5 kobold demonologists
  A rime drake (Lair:5)
  2 trolls
  A polar bear (Lair:1)
  2 tyrant leeches (Lair:2)
  21 blink frogs
  2 hornets
  5 dream sheep (Lair:5)
  A shadow (D:11)
  3 wraiths (Orc:2)
  2 basilisks
  54 yaks
  4 wyverns
  A warg (Orc:2)
  A fire bat (D:10)
  3 vampire mosquitoes (D:11)
  3 steam dragons
  13 water moccasins
  2 swamp worms (Lair:2)
  A hell hound (D:10)
  3 sky beasts
  3 black bears
  An ice beast (D:7)
  30 orc warriors
  6 ogres (Orc:2)
  7 centaurs
  17 wolves
  A phantom (D:4)
  8 kobold brigands
  3 gnoll sergeants
  9 bullfrogs
  3 scorpions
  7 wights
  13 killer bees
  9 electric eels
  9 howler monkeys
  3 lava snakes (Lair:2)
  8 hounds
  A bombardier beetle (D:6)
  A jelly (D:5)
  3 gnoll boudas
  26 orc priests
  A sleepcap (D:6)
  7 iguanas
  41 orc wizards
  24 gnolls
  15 adders
  3 river rats
  4 ufetubi (D:5)
  3 dart slugs
  5 ribbon worms
  82 orcs
  7 endoplasms
  A giant cockroach (D:3)
  12 goblins
  13 hobgoblins
  4 jackals (D:3)
  34 kobolds
  6 quokkas
  11 ball pythons
  6 bats
  6 frilled lizards
  8 rats
657 creatures vanquished.

Vanquished Creatures (collateral kills)
  Rupert (D:12)
  A fire crab (Lair:5)
  A skyshark (Lair:5)
  A komodo dragon (Lair:5)
  3 dream sheep (Lair:5)
  A wyvern (Lair:5)
8 creatures vanquished.

Vanquished Creatures (others)
  2 gnolls (D:8)
  An orc (D:6)
3 creatures vanquished.

Grand Total: 668 creatures vanquished

Notes
Turn   | Place    | Note
-------+----------+-------------------------------------------
     0 | D:1      | jasper the Minotaur Berserker began the quest for the Orb.
     0 | D:1      | Reached XP level 1. HP: 19/19 MP: 0/0
    25 | D:1      | Reached skill level 4 in Axes
    25 | D:1      | Reached XP level 2. HP: 18/27 MP: 1/1
   276 | D:1      | Reached XP level 3. HP: 33/33 MP: 2/2
   929 | D:2      | Reached ** piety under Trog
   930 | D:2      | Reached XP level 4. HP: 35/41 MP: 3/3
   982 | D:2      | Reached skill level 5 in Axes
  1325 | D:2      | Identified the +6 mace of the Weasel {heavy, rC+++}
  1370 | D:2      | Found a white marble altar of Elyvilon.
  1742 | D:3      | Reached XP level 5. HP: 23/47 MP: 4/4
  2104 | D:3      | Reached skill level 5 in Fighting
  2104 | D:3      | Reached skill level 6 in Axes
  2368 | D:3      | Found a broken altar of Ashenzari.
  2456 | D:3      | Reached *** piety under Trog
  2774 | D:4      | Reached XP level 6. HP: 56/56 MP: 5/5
  2901 | D:4      | Found a glowing drain.
  2930 | Sewer    | Entered a sewer
  3025 | Sewer    | Reached skill level 7 in Axes
  3106 | Sewer    | Reached skill level 5 in Armour
  3106 | Sewer    | Reached XP level 7. HP: 56/62 MP: 6/6
  3641 | D:4      | Found an ancient bone altar of Kikubaaqudgha.
  3741 | D:4      | Reached skill level 8 in Axes
  4096 | D:5      | Entered Level 5 of the Dungeon
  4311 | D:5      | Reached **** piety under Trog
  4317 | D:5      | Reached XP level 8. HP: 44/71 MP: 7/7
  4576 | D:5      | Found a staircase to the Ecumenical Temple.
  4681 | D:5      | Reached skill level 9 in Axes
  5461 | D:6      | Found a stormy altar of Qazlal.
  5511 | D:6      | Reached skill level 10 in Axes
  5805 | D:7      | Noticed a hornet
  5807 | D:7      | Reached skill level 1 in Shields
  5814 | D:7      | Killed a hornet
  5815 | D:7      | Reached XP level 9. HP: 81/81 MP: 8/8
  6010 | D:7      | Reached ***** piety under Trog
  6218 | D:7      | Found Vupsuz's Antique Armour Boutique.
  6219 | D:7      | Found Wodeveul's General Store.
  6231 | D:7      | Found Cidd's Antique Weapon Shoppe.
  6235 | D:7      | Found Bamneann's Weapon Boutique.
  6235 | D:7      | Found Jiatwoy's Antique Weapon Shoppe.
  6241 | D:7      | Bought a potion of resistance for 120 gold pieces
  6387 | D:7      | Reached skill level 11 in Axes
  6432 | D:7      | Bought a runed broad axe for 224 gold pieces
  6818 | D:7      | Found a hide-covered altar of Uskayaw.
  7110 | D:8      | Noticed a troll
  7125 | D:8      | Killed a troll
  7126 | D:8      | Reached skill level 12 in Axes
  7433 | D:8      | Reached XP level 10. HP: 47/91 MP: 9/9
  7442 | D:8      | Found Derioffe's Antique Armour Boutique.
  7600 | D:8      | Found a staircase to the Lair.
  7686 | D:8      | Found Wetaokor's Magic Scroll Boutique.
  7692 | D:8      | Bought a scroll of teleportation for 36 gold pieces
  7692 | D:8      | Bought a scroll of teleportation for 36 gold pieces
  7692 | D:8      | Bought a scroll of teleportation for 36 gold pieces
  7705 | D:8      | Noticed Erica
  7721 | D:8      | Killed Erica
  7722 | D:8      | Reached skill level 5 in Shields
  7864 | D:8      | Found Tuontafo's Armour Shop.
  7995 | D:8      | Found Qesy's Antique Weapon Shoppe.
  8151 | D:8      | Found Ucler's Book Shop.
  8552 | D:9      | Reached skill level 13 in Axes
  8579 | D:9      | Noticed a gargoyle
  8587 | D:9      | Noticed Gastronok
  8594 | D:9      | Killed a gargoyle
  8595 | D:9      | Reached skill level 10 in Fighting
  8596 | D:9      | Found an ornate altar of the Wu Jian Council.
  8631 | D:9      | Killed Gastronok
  8632 | D:9      | Reached skill level 10 in Armour
  8646 | D:9      | Reached skill level 14 in Axes
  8653 | D:9      | Reached XP level 11. HP: 67/101 MP: 10/10
  8658 | D:9      | Received a gift from Trog
  9089 | D:9      | Noticed a two-headed ogre
  9097 | D:9      | Killed a two-headed ogre
  9371 | D:9      | Found a staircase to the Orcish Mines.
  9417 | D:10     | Entered Level 10 of the Dungeon
  9598 | D:10     | Noticed a sixfirhy
  9803 | D:10     | Reached skill level 15 in Axes
  9859 | D:10     | Found Nonga's Assorted Antiques.
  9869 | D:10     | Bought a black potion for 22 gold pieces
  9869 | D:10     | Bought a potion of curing for 75 gold pieces
  9869 | D:10     | Bought a glowing sapphire potion for 22 gold pieces
  9869 | D:10     | Bought a metallic clear potion for 22 gold pieces
  9890 | D:10     | Found a shimmering altar of Xom.
 10057 | D:10     | Reached ****** piety under Trog
 10529 | D:11     | Noticed a sixfirhy
 10648 | D:11     | Noticed a vault guard
 10655 | D:11     | Killed a vault guard
 10659 | D:11     | Found a portal to a secret trove of treasure.
 10761 | D:11     | Noticed Erolcha
 10771 | D:11     | Killed Erolcha
 10925 | D:11     | Received a gift from Trog
 10943 | D:11     | Reached skill level 16 in Axes
 10957 | D:11     | Found a roughly hewn altar of Beogh.
 11369 | D:12     | Reached XP level 12. HP: 112/112 MP: 11/11
 11475 | D:12     | Noticed Rupert
 11481 | D:12     | Killed Rupert
 11902 | Lair:1   | Entered Level 1 of the Lair of Beasts
 11990 | Lair:1   | Reached skill level 17 in Axes
 12312 | Lair:1   | Noticed a catoblepas
 12324 | Lair:1   | Killed a catoblepas
 12352 | Lair:1   | Identified the +5 hand axe of Ruetat {flame, +Blink rF++}
                  | (Trog gifted it to you on level 1 of the Lair of Beasts)
 12352 | Lair:1   | Received a gift from Trog
 12809 | Lair:2   | Noticed a catoblepas
 12820 | Lair:2   | Noticed a six-headed hydra
 12828 | Lair:2   | Noticed Nergalle
 12838 | Lair:2   | Killed a catoblepas
 12839 | Lair:2   | Reached skill level 18 in Axes
 12841 | Lair:2   | Killed a one-headed hydra
 12848 | Lair:2   | Killed Nergalle
 12875 | Lair:2   | Reached XP level 13. HP: 106/122 MP: 12/12
 13107 | Lair:2   | Found a staircase to the Swamp.
 13567 | Lair:2   | Found a staircase to the Snake Pit.
 14031 | Lair:3   | Found a snail-covered altar of Cheibriados.
 14276 | Lair:3   | Found the +7 great mace "Undeadhunter" {deathbane, rN+}
 14709 | Lair:4   | Noticed Urug
 14717 | Lair:4   | Killed Urug
 14837 | Lair:4   | Received a gift from Trog
 14838 | Lair:4   | Reached skill level 15 in Fighting
 15349 | Lair:5   | Entered Level 5 of the Lair of Beasts
 15507 | Lair:5   | Found a viscous altar of Jiyva.
 15508 | Lair:5   | Found a staircase to the Slime Pits.
 15656 | Lair:5   | Identified the blade talisman "Gefosir" {*Corrode rN+
                  | Dex+2}
 15746 | Lair:5   | Reached XP level 14. HP: 83/137 MP: 13/13
 16110 | Lair:5   | Received a gift from Trog
 16121 | Lair:5   | Reached skill level 15 in Armour
 16158 | Lair:5   | Identified a scroll of acquirement
 16158 | Lair:5   | Acquired a +0 antimagic executioner's axe
 17275 | Orc:1    | Entered Level 1 of the Orcish Mines
 17628 | Orc:2    | Entered Level 2 of the Orcish Mines
 17629 | Orc:2    | Found a staircase to the Elven Halls.
 17692 | Orc:2    | Noticed Josephine
 17717 | Orc:2    | Killed Josephine
 17959 | Orc:2    | Identified the +5 hand axe of Duty {flame, rElec Str+3
                  | Dex-3} (Trog gifted it to you on level 2 of the Orcish
                  | Mines)
 17959 | Orc:2    | Received a gift from Trog
 17964 | Orc:2    | Noticed an orc warlord
 17971 | Orc:2    | Received a gift from Trog
 17971 | Orc:2    | Killed an orc warlord
 17971 | Orc:2    | Killed by an exploding orc warrior... ignited by their
                  | inner flame

Illustrated notes

Levels and vault maps discovered:
D:1:      lemuel_arrival_lava_pool, layout_loops_ring, minmay_surrounded
D:2:      minmay_chambers_of_ones, layout_loops_cross, basic_altar
D:3:      layout_loops_cross, mainiacjoe_overflow_alcove_2, hex_large,
          st_stairs_7, grunt_ministairs_8
D:4:      layout_loops_ring, nicolae_kikubaaqudgha_miasma_corner,
          cheibrodos_sewer_entry_sluice, serial_bayou_pond_e, minivault_25
D:5:      layout_basic, minmay_temple_entry_arrows
D:6:      layout_rooms, nicolae_qazlal_eye_of_the_storm, supply_closet_lemuel
D:7:      layout_loops_ring, nicolae_uskayaw_dance_studio,
          nicolae_wooded_promenade
D:8:      layout_basic, erik_lair_island, serial_shops, nicolae_shop_peninsula,
          nicolae_shop_advertising_works [nicolae_subvault_shop_adworks], shop,
          nicolae_shop_statue_plus, shop, minmay_crystal_room, uniq_erica
D:9:      layout_big_octagon, mainiacjoe_overflow_boulevard, erik_orc_2,
          serial_rivers, chequers_serial_rivers_small_b,
          chequers_serial_rivers_micro_c, chequers_serial_rivers_large_b,
          chequers_serial_rivers_small_b, chequers_serial_rivers_small_b,
          uniq_gastronok
D:10:     layout_basic, regret_index_xom_of_box, serial_shops, shop
D:11:     layout_roguey [special_room_orc], enter_trove_5, fountainhead,
          uniq_erolcha
D:12:     layout_cave_pools, minivault_24, uniq_rupert
Lair:1:   minmay_lair_oklob_chamber, layout_hall_layers
Lair:2:   layout_chaotic_city, minmay_swamp_entry_worms,
          nicolae_snake_entry_warm_welcome, serial_rivers,
          chequers_serial_rivers_marsh, chequers_serial_rivers_room_b,
          chequers_serial_rivers_micro_a, chequers_serial_rivers_marsh,
          uniq_nergalle
Lair:3:   layout_regular_city, kennysheep_snail_temple
Lair:4:   layout_long_grid, nicolae_lair_yak_garden, uniq_urug
Lair:5:   evilmike_catoblepas_cave, layout_cave_pods, slime_entry_1
Orc:1:    layout_diamond_mine, basic_altar
Orc:2:    st_orc_congregation, layout_caves, nicolae_volcano_entry_lava_flow,
          uniq_josephine

Skill      XL: |  1  2  3  4  5  6  7  8  9 10 11 12 13 14 |
---------------+-------------------------------------------+-----
Axes           | 4 5 6 7 8 10 12 14 16 18 | 18.0
Fighting       | 4 5 6 7 9 10 12 13 16 17 | 17.7
Armour         | 3 4 5 6 7 8 10 11 13 14 15 | 15.6
Shields        | 1 4 5 8 9 |  9.9
Dodging        | |  2.1

Action                     |  1- 3 |  4- 6 |  7- 9 | 10-12 | 13-15 || total
---------------------------+-------+-------+-------+-------+-------++-------
  Melee: Hand axe          |    50 |       |       |    12 |    12 ||    74
         Headbutt          |     7 |    21 |    39 |   101 |   105 ||   273
         War axe           |    13 |   180 |   197 |       |       ||   390
         Broad axe         |       |       |    81 |   517 |   452 ||  1050
  Throw: Dart              |     9 |    10 |    19 |     5 |     1 ||    44
 Invoke: Berserk           |     1 |       |     2 |       |       ||     3
         Trog's Hand       |       |       |       |     4 |     3 ||     7
         Brothers in Arms  |       |       |       |     2 |     1 ||     3
  Evoke: Wand              |       |       |     1 |       |       ||     1
    Use: Scroll            |     1 |     7 |     5 |     8 |     4 ||    25
         Potion            |       |       |       |     1 |       ||     1
   Stab: Petrified         |       |       |       |     4 |     5 ||     9
         Petrifying        |       |       |       |       |     1 ||     1
 Armour: Animal skin       |     8 |       |       |       |       ||     8
         Ring mail         |    23 |       |       |       |       ||    23
         Scale mail        |     3 |   128 |   110 |       |       ||   241
         Plate armour      |       |       |    85 |   435 |   336 ||   856
  Dodge: Dodged            |    29 |   125 |   290 |   367 |   390 ||  1201
  Block: Buckler           |       |       |    33 |   140 |   128 ||   301

Table legend: (Time is in decaauts)
 A = Elapsed time spent in this place.
 B = Non-inter-level travel time spent in this place.
 C = Inter-level travel time spent in this place.
 D = Time resting spent in this place.
 E = Time spent auto-exploring this place.
 F = Levels seen in this place.
 G = Mean time per level.
                   A        B        C        D        E       F      G
               +--------+--------+--------+--------+--------+-----+--------+
         Total |  18091 |  17232 |    859 |   1217 |  12295 |  20 |  904.5 |
       Dungeon |  11412 |  10898 |    514 |   1217 |   7344 |  12 |  951.0 |
          Lair |   5161 |   4840 |    321 |      0 |   3842 |   5 | 1032.2 |
  Orcish Mines |    692 |    669 |     23 |      0 |    523 |   2 |  346.0 |
         Sewer |    825 |    825 |      0 |      0 |    585 |   1 |  825.0 |
               +--------+--------+--------+--------+--------+-----+--------+

Top non-repeatable levels by time:
  Lair:5: 1685 daAuts
     D:8: 1399 daAuts
     D:7: 1298 daAuts
    D:10: 1118 daAuts
     D:9: 1082 daAuts
  Lair:2: 993 daAuts
     D:3: 992 daAuts
  Lair:3: 942 daAuts
     D:2: 941 daAuts
  Lair:1: 880 daAuts
     D:5: 877 daAuts
    D:11: 851 daAuts
     D:6: 836 daAuts
   Sewer: 825 daAuts
     D:1: 808 daAuts
